 Dungeon Sprint DCSS version 0.18-a0-1784-ga939a68 (webtiles) character file.

167 Kidiri the Covert (level 5, 0/24 HPs)
             Began as a Spriggan Enchanter on Apr 18, 2016.
             Slain by a necrophage (3 damage)
             ... in the Dungeon (Sprint II: "The Violet Keep of Menkaure").
             The game lasted 00:01:02 (60 turns).

Kidiri the Covert (Spriggan Enchanter)                Turns: 60, Time: 00:01:03

Health: 0/24       AC:  3    Str:  4    XL:     5   Next: 23%
Magic:  7/14       EV: 23    Int: 17    God:
Gold:   0          SH:  0    Dex: 17    Spells: 1 memorised, 15 levels left

rFire  . . .     SeeInvis +     a - +1 dagger
rCold  . . .     Gourm    .     b - +1 robe
rNeg   . . .     Faith    .     (shield restricted)
rPois  .         Spirit   .     (helmet restricted)
rElec  .         Dismiss  .     (no cloak)
rCorr  .         Reflect  .     (gloves unavailable)
SustAt .         Harm     .     (boots unavailable)
MR     .....     NoTele   +     (no amulet)
Stlth  +++++.....               (no ring)
                                (no ring)

@: exhausted, very quick, not resistant to hostile enchantments, quite stealthy
A: unfitting armour, see invisible, herbivore 3, speed 3, slow metabolism 2
a: no special abilities


You were in the Dungeon.
You were not hungry.

You visited 1 branch

Inventory:

Hand Weapons
 a - a +1 dagger (weapon)
Armour
 b - a +1 robe (worn)
Scrolls
 j - a scroll of blinking
Potions
 g - a potion of haste
 h - 2 potions of magic
Books
 c - a book of Maledictions

   Spells                             Type                      Level
   a - Corona                         Hexes                        1
   b - Ensorcelled Hibernation        Hexes/Ice                    2
   c - Confuse                        Hexes                        3
   d - Tukima's Dance                 Hexes                        3
   e - Dazzling Spray                 Conjuration/Hexes            3
Comestibles
 d - a bread ration


   Skills:
 * Level 5.2 Short Blades
 + Level 2.2 Armour
 * Level 7.5 Dodging
 * Level 8.6 Stealth
 * Level 6.2 Spellcasting
 + Level 5.4 Hexes


You had 15 spell levels left.
You knew the following spells:

 Your Spells              Type           Power        Failure   Level  Hunger
a - Corona                Hex            ###....      1%          1    None


Dungeon Overview and Level Annotations

Branches:
Dungeon (1/1)

Altars:


Innate Abilities, Weirdness & Mutations

You are tiny and cannot use many weapons and most armour.
You have supernaturally acute eyesight.
You are a herbivore.
You cover ground extremely quickly.
You need consume almost no food.


Message History

The necrophage misses you.
You hit the necrophage but do no damage.
The necrophage is almost destroyed.
You hit the necrophage but do no damage.
The necrophage is almost destroyed.
The necrophage completely misses you. The necrophage misses you.
You hit the necrophage but do no damage.
The necrophage is almost destroyed.
The necrophage completely misses you. The necrophage barely misses you.
Casting: Corona
Confirm with . or Enter, or press ? or * to list all spells.
Aiming: Corona
Press: ? - help, Shift-Dir - straight line, f/p - necrophage
Aim: a necrophage (almost destroyed, chance to defeat MR: 45%)
The necrophage is outlined in light.
The necrophage closely misses you. The necrophage misses you.
You hit the necrophage.
The necrophage is almost destroyed.
The necrophage barely misses you. The necrophage hits you.
You die...

## ##
##.
.##
..#..
.$.
#†#
##@##
+nn.+
##.##
#+#


You could see 2 necrophages.

Vanquished Creatures
  2 necrophages (D)
2 creatures vanquished.

Vanquished Creatures (others)
  A crocodile (D)
1 creature vanquished.

Grand Total: 3 creatures vanquished

Notes
Turn   | Place    | Note
--------------------------------------------------------------
     0 | D        | Kidiri the Spriggan Enchanter began the quest for the Orb.
     0 | D        | Reached XP level 1. HP: 9/9 MP: 5/5
     1 | D        | Noticed a necrophage
     1 | D        | Noticed a necrophage
     1 | D        | Noticed a necrophage
     1 | D        | Noticed a necrophage
     8 | D        | Killed a necrophage
     8 | D        | Reached skill level 1 in Armour
     8 | D        | Reached skill level 7 in Stealth
     8 | D        | Reached skill level 5 in Spellcasting
     8 | D        | Reached XP level 2. HP: 11/11 MP: 6/9
     8 | D        | Reached XP level 3. HP: 14/14 MP: 6/10
     8 | D        | Reached XP level 4. HP: 19/19 MP: 7/12
    21 | D        | Killed a necrophage
    21 | D        | Reached skill level 5 in Short Blades
    21 | D        | Reached skill level 8 in Stealth
    21 | D        | Reached skill level 5 in Hexes
    21 | D        | Reached XP level 5. HP: 22/22 MP: 7/14
    26 | D        | Killed a crocodile
    60 | D        | Slain by a necrophage

Vault maps used:
D:        the_violet_keep_of_menkaure

Skill      XL: |  1  2  3  4 |
---------------+-------------+-----
Short Blades   | 4 5 |  5.2
Armour         | 1 2 |  2.2
Dodging        | 6 7 |  7.5
Stealth        | 7 8 |  8.6
Spellcasting   | 5 6 |  6.2
Hexes          | 4 5 |  5.4

Action                   |  1- 3 |  4- 6 || total
-------------------------+-------+-------++-------
Melee: Dagger            |     4 |    39 ||    43
 Cast: Corona            |       |     6 ||     6
  Use: Potion            |     1 |     2 ||     3
Armor: Robe              |       |     1 ||     1
Dodge: Dodged            |       |    50 ||    50
